 Dungeon Crawl Stone Soup version 0.29-a0-303-ge4682ce883 (webtiles) character file.

Game seed: 13207889989605039200

356887 Ajdolov the Slayer (level 22, 0/196 HPs)
             Began as a Merfolk Brigand on Mar 25, 2022.
             Was the Champion of Okawaru.
             Killed by vampiric draining
             ... invoked by a vampire knight
              (23 damage)
             ... on level 2 of the Depths.
             The game lasted 02:33:17 (72303 turns).

Ajdolov the Slayer (Merfolk Brigand)               Turns: 72303, Time: 02:33:18

Health: 0/196      AC: 29    Str: 13    XL:     22   Next: 35%
Magic:  0/29       EV: 25    Int: 18    God:    Okawaru [******]
Gold:   1861       SH:  9    Dex: 23    Spells: 21/21 levels left

rFire   + . .      SeeInvis .   M - +5 demon blade (vamp)
rCold   + . .      Faith    .   K - +0 buckler of Fashionability {+Blink rC+ Dex-5 Slay+6}
rNeg    . . .      Spirit   +   s - +5 ring mail of Lightning Storm {rCorr Int+4}
rPois   .          Reflect  .   W - +1 helmet of Knowledge {Slay+3}
rElec   +          Harm     .   c - +2 cloak
rCorr   +          Rampage  .   G - +2 pair of gloves {Dex+3}
Will    ++...                   L - +2 pair of boots {Stlth+}
Stlth   ++++++....              X - amulet "Qeny" {Spirit +Blink Fly rElec Stlth-}
HPRegen 0.42/turn               N - ring of willpower
MPRegen 0.21/turn               t - ring "Hiucuidgh" {Fly rF+ AC+4 Int+4}

@: flying
A: (nimble swimmer 2), mertail
}: 2/15 runes: decaying, serpentine
a: Renounce Religion, Evoke Blink, Heroism, Finesse, Duel


You were on level 2 of the Depths.
You worshipped Okawaru.
Okawaru was exalted by your worship.
You visited 9 branches of the dungeon, and saw 40 of its levels.
You visited 1 bazaar.
You also visited: Ossuary, Ice Cave and Volcano.

You collected 4964 gold pieces.
You spent 3103 gold pieces at shops.

Inventory:

Hand Weapons
 M - a +5 vampiric demon blade (weapon)
Missiles
 d - 20 poisoned darts (quivered)
 g - 7 javelins
 n - a curare-tipped dart
 C - a throwing net
Armour
 c - a +2 cloak (worn)
 s - the +5 ring mail of Lightning Storm (worn) {rCorr Int+4}
   (Okawaru gifted it to you on level 1 of the Swamp)

   Int:       It affects your intelligence (+4).
   rCorr:     It protects you from acid and corrosion.
 G - a +2 pair of gloves of dexterity (worn)
 K - the +0 buckler of Fashionability (worn) {+Blink rC+ Dex-5 Slay+6}
   (Okawaru gifted it to you on level 15 of the Dungeon)

   Dex:       It affects your dexterity (-5).
   Slay:      It affects your accuracy & damage with ranged weapons and melee
   (+6).
   rC:        It protects you from cold.
   +Blink:    It lets you blink.
 L - a +2 pair of boots of stealth (worn)
 W - the +1 helmet of Knowledge (worn) {Slay+3}
   (Okawaru gifted it to you on level 2 of the Snake Pit)

   Slay:      It affects your accuracy & damage with ranged weapons and melee
   (+3).
Jewellery
 e - an amulet of magic regeneration
 r - a ring of poison resistance
 t - the ring "Hiucuidgh" (right hand) {Fly rF+ AC+4 Int+4}
   (You bought it in a shop on level 1 of the Snake Pit)

   [ring of protection]

   AC:        It affects your AC (+4).
   Int:       It affects your intelligence (+4).
   rF:        It protects you from fire.
   Fly:       It grants you flight.
 N - a ring of willpower (left hand)
 X - the amulet "Qeny" (around neck) {Spirit +Blink Fly rElec Stlth-}
   (You found it on level 4 of the Lair of Beasts)

   [amulet of guardian spirit]

   It causes incoming damage to be divided between your reserves of health and
   magic.
   rElec:     It insulates you from electricity.
   Fly:       It grants you flight.
   +Blink:    It lets you blink.
   Stlth:     It makes you less stealthy.
Wands
 l - a wand of iceblast (32)
 x - a wand of acid (29)
 A - a wand of digging (4)
 E - a wand of mindburst (35)
 Q - a wand of paralysis (29)
 U - a wand of flame (64)
 Y - a wand of polymorph (4)
Scrolls
 f - 11 scrolls of blinking
 m - 4 scrolls of fog
 p - 2 scrolls of silence
 u - 4 scrolls of magic mapping
 y - 8 scrolls of fear
 F - 20 scrolls of teleportation
 O - a scroll of holy word
 R - 2 scrolls of enchant armour
 T - 10 scrolls of immolation
Potions
 h - 6 potions of magic
 i - 2 potions of cancellation
 j - 2 potions of ambrosia
 o - 7 potions of attraction
 q - 12 potions of curing
 v - 3 potions of invisibility
 w - 4 potions of haste
 z - 10 potions of brilliance
 B - 8 potions of mutation
 D - 5 potions of lignification
 I - 4 potions of heal wounds
 S - 2 potions of berserk rage
 V - 2 potions of resistance
 Z - a potion of might
Miscellaneous
 k - a tin of tremorstones (2/2)
 H - a condenser vane
 P - a phial of floods


   Skills:
 * Level 22.2 Fighting
 - Level 8.0(12.0) Short Blades
 - Level 13.8(14.7) Long Blades
 - Level 7.8 Throwing
 - Level 10.0 Armour
 - Level 20.0 Dodging
 - Level 15.0 Stealth
 - Level 15.0 Shields
 - Level 10.0 Invocations
 + Level 12.9 Evocations


You had 21 spell levels left.
You didn't know any spells.
Your spell library contained the following spells:

 Spells                   Type           Power      Damage    Failure   Level
 Apportation              Tloc           0%         N/A       43%         1
 Beastly Appendage        Tmut           0%         N/A       43%         1
 Foxfire                  Conj/Fire      0%         2x1d4     43%         1
 Freeze                   Ice            0%         1d3       43%         1
 Magic Dart               Conj           0%         1d3       43%         1
 Corpse Rot               Necr/Air       0%         N/A       56%         2
 Ensorcelled Hibernation  Hex/Ice        0%         N/A       56%         2
 Static Discharge         Conj/Air       0%         N/A       56%         2
 Sublimation of Blood     Necr           0%         N/A       56%         2
 Wereblood                Tmut           0%         N/A       56%         2
 Conjure Flame            Conj/Fire      0%         6-21      80%         3
 Frozen Ramparts          Ice            0%         1d2       80%         3
 Inner Flame              Hex/Fire       0%         N/A       80%         3
 Mephitic Cloud           Conj/Pois/Air  0%         N/A       80%         3
 Spider Form              Tmut/Pois      0%         N/A       80%         3
 Airstrike                Air            0%         N/A       99%         4
 Anguish                  Hex/Necr       0%         N/A       99%         4
 Cause Fear               Hex            0%         N/A       99%         4
 Flame Wave               Conj/Fire      0%         2d4       99%         4
 Hailstorm                Conj/Ice       0%         3d3       99%         4
 Petrify                  Tmut/Erth      0%         N/A       99%         4
 Alistair's Intoxication  Tmut/Pois      0%         N/A       100%        5
 Blade Hands              Tmut           0%         N/A       100%        5
 Borgnjor's Vile Clutch   Necr/Erth      0%         N/A       100%        5
 Irradiate                Conj/Tmut      0%         3d13      100%        5
 Lightning Bolt           Conj/Air       0%         1d11      100%        5
 Eringya's Noxious Bog    Tmut/Pois      0%         N/A       100%        6
 Iron Shot                Conj/Erth      0%         9d1       100%        6
 Dragon Form              Tmut           0%         N/A       100%        7
 Storm Form               Tmut/Air       0%         N/A       100%        7
 Discord                  Hex            0%         N/A       100%        8
 Maxwell's Capacitive Co  Air            0%         ∞         100%        8
 Death's Door             Necr           0%         N/A       100%        9
 Animate Skeleton         Necr           Unusable   N/A       N/A         1
 Summon Small Mammal      Summ           Unusable   N/A       N/A         1
 Call Imp                 Summ           Unusable   N/A       N/A         2
 Animate Armour           Summ/Erth      Unusable   N/A       N/A         4
 Summon Lightning Spire   Summ/Air       Unusable   N/A       N/A         4
 Infestation              Necr           Unusable   N/A       N/A         8

Dungeon Overview and Level Annotations

Branches:
Dungeon (15/15)            Temple (1/1) D:5            Lair (6/6) D:10
  Swamp (4/4) Lair:4        Snake (4/4) Lair:4        Slime (1/5) Lair:5
    Orc (2/2) D:11            Elf (0/3) Orc:2        Vaults (4/5) D:13
  Crypt (0/3) Vaults:2     Depths (3/4) D:15        Ossuary (visited)
  IceCv (visited)         Volcano (visited)

Altars:
Ashenzari
Cheibriados
Dithmenos
Elyvilon
Fedhas
Kikubaaqudgha
Nemelex Xobeh
Okawaru
Qazlal
Sif Muna
Trog
Uskayaw
Vehumet
Wu Jian
Xom
Zin
The Shining One
Jiyva

Shops:
D:4 *   D:8 *   D:13 (   D:14 ?   Orc:2 *[!=   Snake:1 :=?   Snake:2 *
Vaults:2 ?   Vaults:4 ?

Portals:
Hell: Depths:1 Depths:2 Depths:3
Abyss: Depths:3
Pandemonium: Orc:2 Depths:2
Trove: D:13 (give +3 gold dragon scales)

Annotations:
D:6 exclusions: shadow and 3 skeletal warriors
D:8 exclusions: centaur warrior, ice statue and obsidian statue, Joseph
D:9 exclusion: orange demon, Amaemon
Swamp:2 1 runed translucent door, Tezxun's ghost, adept MiMo
Snake:4 2 transporters, Crownlay's ghost, adept MiBe


Innate Abilities, Weirdness & Mutations

((You are very nimble when in or above water. (Stealth+, EV+, Speed+++)))
Your lower body shifts to a powerful aquatic tail in water.


Message History

A great orb of eyes comes into view.
Something closely misses you. Something bites you but does no damage.
There is a stone staircase leading up, spattered with blood here.
You hit something but do no damage. You slash something! Something hits you!!
Something barely misses you.
You hit something but do no damage. Something hits you but does no damage.
Something bites you but does no damage.
You slash something! Something completely misses you. Something bites you.
Something draws strength from your injuries!
A necromancer comes into view. It is wielding a +0 dagger.
You slash something! Something draws life force from you!!
* * * LOW HITPOINT WARNING * * *
The great orb of eyes gazes at you. You resist with almost no effort.
Unknown command.
Something barely misses you. x3; Something bites you but does no damage.
The necromancer casts a spell at you. You resist with almost no effort.
You fly upwards.
Reactivating autopickup.
There is a stone staircase leading down, spattered with blood here.
You see here a very ugly thing corpse.
Deactivating autopickup; reactivate with Ctrl-A.
You hit something but do no damage. You block something's attack.
Something bites you but does no damage.
You closely miss something. Something hits you.
* * * LOW HITPOINT WARNING * * *
Something bites you.
* * * LOW HITPOINT WARNING * * *
Something draws strength from your injuries!
You slash something! You closely miss something. Something barely misses you.
Something bites you but does no damage.
You hit something but do no damage. Something draws life force from you!
* * * LOW HITPOINT WARNING * * *
You slice something!! Something closely misses you.
Something bites you but does no damage.
You carve something like a ham!!! You closely miss something.
Something draws life force from you!!
You die...

###.............#####
#...............#....
###......#.....[#.#.###
##.#.........[†>...#....
#..........∩...÷.≈.#.#.#
#..................'.#.#
##.................#.#.#
#.>.....{..........#.#..
##.....@[..........#.#.#
###...[[........#.#....
#................#####
#................#.[.#
##...............#...#
#................#...#
###..............####'
###>.....#.....)....
#............####'


There were no monsters in sight!

Vanquished Creatures
  A juggernaut (Depths:2)
  A caustic shrike (Depths:2)
  2 golden dragons (Depths:2)
  Rupert (Orc:1)
  3 quicksilver dragons
  2 tentacled monstrosities
  A titan (Depths:3)
  8 sphinxes
  4 thorn hunters
  A shadow dragon (Depths:2)
  Agnes (D:14)
  Kirke (Swamp:2)
  3 nagarajas
  2 fire giants
  4 fenstrider witches (Swamp:4)
  An iron dragon (Depths:2)
  8 frost giants
  Aizul (Snake:1)
  3 orc warlords
  16 ironbound preservers
  8 vault wardens
  A reaper (Swamp:4)
  9 ironbound thunderhulks
  10 stone giants
  A caustic shrike skeleton (Depths:3)
  A war gargoyle (Arena)
  15 very ugly things
  A deep elf annihilator (Depths:3)
  6 eleionomae
  A vampire knight (Depths:1)
  7 dire elephants
  5 spark wasps
  A deep elf demonologist (Depths:3)
  An entropy weaver (Vaults:2)
  4 bunyips
  A dire elephant (shapeshifter) (Depths:3)
  A crystal guardian (Arena)
  Fannar (Orc:1)
  A blizzard demon (Swamp:4)
  6 fire dragons
  3 jiangshi (Depths:2)
  8 ettins
  6 great orbs of eyes
  3 boulder beetles
  A shambling mangrove (Swamp:4)
  4 rakshasas (Depths:2)
  16 yaktaur captains
  9 hydras
  4 naga warriors
  6 ice dragons
  A spriggan zombie (Depths:2)
  4 spriggan air magi
  3 demonspawn
  5 salamander tyrants
  A peacekeeper (Vaults:2)
  2 vault guards
  9 ironbound frosthearts
  2 ogre magi
  7 centaur warriors
  4 ghost crabs
  4 two-headed ogres
  9 anacondas
  A catoblepas (Lair:2)
  8 alligators
  9 death yaks
  7 orc high priests (Orc:2)
  3 vampire magi
  3 deep troll shamans
  A hell hog (Volcano)
  10 hell knights
  6 tengu warriors
  2 deep troll earth magi
  4 shock serpents
  12 naga sharpshooters
  3 spriggan berserkers
  2 iron trolls (Depths:2)
  A spark wasp zombie (Depths:3)
  A soul eater (Swamp:4)
  A skeletal warrior (Vaults:2)
  2 goliath frogs
  4 sixfirhies
  2 flayed ghosts (Depths:2)
  2 glowing orange brains (Depths:2)
  5 salamander mystics
  2 death drakes (Swamp:4)
  45 deep trolls
  10 naga ritualists
  11 bog bodies
  5 swamp dragons
  6 spriggan druids
  17 ironbound convokers
  15 wizards
  4 harpies (Vaults:2)
  6 necromancers
  3 phantasmal warriors
  9 orc knights
  3 deep elf pyromancers
  11 mana vipers
  13 lindwurms
  2 oklob plants (Lair:4)
  A sphinx skeleton (Depths:2)
  An elephant (shapeshifter) (Depths:1)
  5 will-o-the-wisps
  5 cyclopes
  3 frost giant zombies (Depths:2)
  45 ugly things
  8 orc sorcerers
  2 rust devils (Orc:2)
  2 manticores
  12 elephants
  8 salamanders
  An ice statue (IceCv)
  10 naga magi
  14 vault sentinels
  7 guardian serpents
  29 black mambas
  A gargoyle (D:8)
  5 torpor snails
  21 cane toads
  8 komodo dragons
  26 yaktaurs
  7 rime drakes
  5 tengu conjurers
  An efreet (D:14)
  A yaktaur skeleton (Vaults:2)
  8 trolls
  A hellwing (Swamp:4)
  A queen bee (shapeshifter) (D:15)
  A troll (shapeshifter) (Depths:1)
  7 polar bears
  6 hornets
  A hornet (shapeshifter) (D:13)
  A shadow dragon simulacrum (Depths:2)
  5 dream sheep
  27 blink frogs
  A raiju (shapeshifter) (D:13)
  29 slime creatures
  A slime creature (shapeshifter) (D:13)
  A frost giant simulacrum (Depths:2)
  2 human simulacra (Vaults:2)
  12 tyrant leeches
  2 wyverns (Lair:4)
  8 spriggans
  A centaur simulacrum (D:13)
  A vampire (D:9)
  A spriggan (shapeshifter) (D:13)
  A water elemental (Depths:1)
  A hog (Swamp:2)
  An elf simulacrum (Vaults:4)
  36 yaks
  Eustachio (D:5)
  3 wraiths
  A hog (shapeshifter) (D:15)
  3 basilisks
  3 fire bats (Lair:5)
  A chaos spawn (Swamp:4)
  3 humans (Swamp:2)
  A steam dragon (D:9)
  34 vampire mosquitoes
  5 wargs
  18 swamp worms
  23 nagas
  An acid dragon (D:11)
  10 water moccasins
  4 hell hounds (Volcano)
  3 floating eyes (Depths:2)
  36 orc warriors
  5 black bears
  3 ice beasts
  2 sky beasts (D:7)
  9 ogres
  15 boggarts
  12 wolves
  24 centaurs
  2 kobold brigands
  A phantom (D:6)
  14 bullfrogs
  2 elf zombies (Ossuary)
  6 gnoll sergeants
  2 scorpions
  A troll zombie (Swamp:1)
  3 killer bees (D:9)
  A troll skeleton (Swamp:1)
  3 electric eels
  3 hounds
  33 orc priests
  3 jellies
  5 iguanas
  2 human zombies
  19 orc wizards
  21 hell rats
  2 mummies (Ossuary)
  25 gnolls
  7 river rats (Lair:1)
  8 adders
  A white imp (D:6)
  6 worms
  5 dart slugs
  75 orcs
  5 bats
  3 endoplasms
  3 giant cockroaches
  11 goblins
  4 hobgoblins
  9 jackals
  5 quokkas
  14 ball pythons
  5 frilled lizards
  A goblin zombie (Ossuary)
  7 hobgoblin zombies (Ossuary)
  3 jackal zombies
  10 kobolds
  11 kobold zombies
  13 orc zombies (Ossuary)
  13 rats
  A rat zombie (Ossuary)
1479 creatures vanquished.

Vanquished Creatures (others)
  An ogre mage (Swamp:4)
  A tengu conjurer (Depths:3)
  3 bloated husks
  A yak (D:8)
  A chaos spawn (Swamp:4)
  A boggart (Vaults:1)
  An orc (Orc:2)
  12 foxfires
  30 fungi
  88 plants
139 creatures vanquished.

Grand Total: 1618 creatures vanquished

Notes
Turn   | Place    | Note
-------+----------+-------------------------------------------
     0 | D:1      | Ajdolov the Merfolk Brigand began the quest for the Orb.
     0 | D:1      | Reached XP level 1. HP: 16/16 MP: 1/1
   257 | D:1      | Reached skill level 1 in Long Blades
   293 | D:1      | Reached XP level 2. HP: 9/22 MP: 2/2
   851 | D:1      | Reached XP level 3. HP: 20/27 MP: 3/3
  1447 | D:2      | Reached XP level 4. HP: 18/33 MP: 4/4
  1838 | D:2      | Reached skill level 5 in Long Blades
  2153 | D:2      | Reached XP level 5. HP: 36/38 MP: 5/5
  3628 | D:4      | Found a stormy altar of Qazlal.
  3658 | D:4      | Reached XP level 6. HP: 41/44 MP: 6/6
  3809 | D:4      | Found Tagyboi's CLEARANCE SALE!.
  3858 | D:4      | Found a sand-covered staircase.
  3872 | Ossuary  | Entered an ossuary
  4028 | Ossuary  | Reached skill level 5 in Stealth
  4448 | Ossuary  | Reached XP level 7. HP: 40/50 MP: 5/7
  5254 | D:5      | Entered Level 5 of the Dungeon
  5562 | D:5      | Reached skill level 3 in Fighting
  6564 | D:5      | You fall into a shaft and drop 1 floor!
  6598 | D:6      | Reached XP level 8. HP: 25/60 MP: 3/8
  6863 | D:6      | Noticed a skeletal warrior
  6863 | D:6      | Noticed a skeletal warrior
  6902 | D:6      | Reached skill level 4 in Fighting
  7501 | D:5      | Found a staircase to the Ecumenical Temple.
  7506 | Temple   | Entered the Ecumenical Temple
  7533 | Temple   | Became a worshipper of Warmaster Okawaru
  7604 | D:5      | Noticed Eustachio
  7612 | D:5      | Killed Eustachio
  7613 | D:5      | Reached skill level 10 in Long Blades
  7765 | D:6      | Reached skill level 5 in Fighting
  8093 | D:6      | Reached * piety under Okawaru
  8191 | D:6      | Noticed a shadow
  8300 | D:6      | Reached XP level 9. HP: 68/69 MP: 9/9
  8439 | D:6      | Noticed a skeletal warrior
  8591 | D:7      | Reached skill level 6 in Fighting
  9393 | D:8      | Noticed an ice statue
  9460 | D:8      | Noticed a centaur warrior
  9473 | D:8      | Noticed a two-headed ogre
  9546 | D:8      | Killed a two-headed ogre
  9546 | D:8      | Reached ** piety under Okawaru
  9547 | D:8      | Reached skill level 7 in Fighting
  9874 | D:8      | Found Nanar's Demolitions Depot.
  9875 | D:8      | Noticed Joseph
 10417 | D:8      | Noticed an obsidian statue
 10463 | D:8      | Noticed a gargoyle
 10471 | D:8      | Killed a gargoyle
 10472 | D:8      | Reached XP level 10. HP: 55/80 MP: 7/10
 10768 | D:9      | Reached skill level 8 in Fighting
 11944 | D:9      | Noticed Amaemon
 11944 | D:9      | Noticed an orange demon
 11997 | D:9      | Identified the +11 short sword "Ret Ethru" {speed, rF+
                  | Will+ Dex-2}
 12069 | D:9      | Identified the +2 robe of the Eternal Void {rN+ Str+2 Dex-3
                  | Stlth+}
 12118 | D:9      | Reached skill level 1 in Evocations
 12472 | D:4      | Bought a +1 pair of boots of stealth for 82 gold pieces
 13354 | D:10     | Entered Level 10 of the Dungeon
 13428 | D:10     | Reached *** piety under Okawaru
 13771 | D:10     | Got the Handbook of Sinister Secrets
 13834 | D:10     | Noticed a two-headed ogre
 13840 | D:10     | Killed a two-headed ogre
 13841 | D:10     | Reached skill level 9 in Fighting
 13944 | D:10     | Identified the +9 dagger "Globulus" {venom, rC+ Str-5
                  | Int+2}
 14012 | D:10     | Received a gift from Okawaru
 14099 | D:10     | Found a staircase to the Lair.
 14106 | D:10     | Reached skill level 5 in Evocations
 15316 | D:11     | Found a staircase to the Orcish Mines.
 16079 | D:11     | Reached XP level 11. HP: 49/90 MP: 6/11
 16248 | D:11     | Found an iron altar of Okawaru.
 16289 | D:10     | Reached **** piety under Okawaru
 16544 | D:11     | Reached skill level 10 in Fighting
 16951 | D:11     | Received a gift from Okawaru
 17255 | D:12     | Noticed a two-headed ogre
 17260 | D:11     | Reached skill level 5 in Dodging
 17362 | Lair:1   | Entered Level 1 of the Lair of Beasts
 18545 | Lair:1   | Reached skill level 1 in Invocations
 18650 | Lair:2   | Noticed a catoblepas
 18815 | Lair:2   | Reached ***** piety under Okawaru
 19156 | Lair:2   | Killed a catoblepas
 19156 | Lair:2   | Received a gift from Okawaru
 19420 | Lair:2   | Reached XP level 12. HP: 73/97 MP: 10/15
 19438 | Lair:2   | Reached skill level 10 in Dodging
 19987 | Lair:3   | Received a gift from Okawaru
 20063 | Lair:3   | Reached skill level 5 in Invocations
 20369 | Lair:3   | Noticed a death yak
 20463 | Lair:3   | Noticed an eight-headed hydra
 20526 | Lair:3   | Killed a 13-headed hydra
 20853 | Lair:3   | Noticed a death yak
 21198 | Arena    | Entered the Arena
 22005 | Lair:3   | Killed a death yak
 22013 | Arena    | Entered the Arena
 22060 | Lair:3   | Killed a death yak
 22061 | Lair:3   | Reached XP level 13. HP: 53/103 MP: 8/18
 22459 | Lair:4   | Identified the amulet "Qeny" {Spirit +Blink Fly rElec
                  | Stlth-}
 23203 | Lair:4   | Received a gift from Okawaru
 23234 | Lair:4   | Found a staircase to the Swamp.
 23285 | Lair:4   | Found a blossoming altar of Fedhas.
 23687 | Lair:4   | Found a snail-covered altar of Cheibriados.
 23801 | Lair:4   | Found a staircase to the Snake Pit.
 23959 | Lair:5   | Found a viscous altar of Jiyva.
 23960 | Lair:5   | Found a staircase to the Slime Pits.
 24081 | Lair:5   | Found a dark tunnel.
 24109 | Volcano  | Entered a volcano
 24453 | Volcano  | Reached ****** piety under Okawaru
 24698 | Lair:5   | Reached skill level 10 in Invocations
 25012 | Lair:5   | Reached skill level 1 in Shields
 25057 | Lair:5   | Reached skill level 15 in Dodging
 25058 | Arena    | Entered the Arena
 25093 | Lair:5   | Reached skill level 5 in Short Blades
 25628 | Lair:6   | Entered Level 6 of the Lair of Beasts
 25747 | Lair:5   | Received a gift from Okawaru
 25790 | Lair:5   | Received a gift from Okawaru
 25790 | Lair:5   | Found the +18 Lear's hauberk
 26146 | Lair:6   | Reached XP level 14. HP: 99/110 MP: 18/21
 26317 | Lair:6   | Reached skill level 5 in Shields
 28288 | D:12     | Received a gift from Okawaru
 28784 | D:13     | Found a gate to the Vaults.
 28955 | D:13     | Reached skill level 10 in Shields
 29245 | D:13     | Found a portal to a secret trove of treasure.
 29313 | D:13     | Found a frozen archway.
 29328 | IceCv    | Entered an ice cave
 30061 | IceCv    | Noticed a frost giant
 30254 | IceCv    | Received a gift from Okawaru
 30288 | IceCv    | Killed a frost giant
 30476 | IceCv    | Reached XP level 15. HP: 117/117 MP: 22/22
 30837 | D:13     | Found Timagal's Antique Weapon Shoppe.
 30916 | D:14     | Found Qeoxkoid's Magic Scroll Shoppe.
 30936 | D:14     | Bought a scroll of enchant armour for 135 gold pieces
 30936 | D:14     | Bought a scroll of magic mapping for 63 gold pieces
 31283 | D:14     | Noticed Agnes
 31290 | D:14     | Killed Agnes
 31548 | D:14     | Identified the +7 war axe "Ekaivec" {vamp, SInv} (Okawaru
                  | gifted it to you on level 14 of the Dungeon)
 31548 | D:14     | Received a gift from Okawaru
 31549 | D:14     | Reached skill level 11 in Fighting
 31834 | D:14     | Reached skill level 5 in Throwing
 32616 | D:15     | Entered Level 15 of the Dungeon
 32632 | D:15     | Identified the +0 buckler of Fashionability {+Blink rC+
                  | Dex-5 Slay+6} (Okawaru gifted it to you on level 15 of the
                  | Dungeon)
 32632 | D:15     | Received a gift from Okawaru
 33369 | D:15     | Found a staircase to the Depths.
 33854 | Orc:1    | Entered Level 1 of the Orcish Mines
 34047 | Orc:1    | Noticed Fannar
 34072 | Orc:1    | Killed Fannar
 34371 | Orc:2    | Entered Level 2 of the Orcish Mines
 34498 | Orc:2    | Noticed Rupert
 34792 | Orc:1    | Killed Rupert
 35158 | Orc:2    | Reached skill level 12 in Fighting
 35287 | Orc:2    | Found Odail's General Store.
 35303 | Orc:2    | Found Oveses's Distillery.
 35342 | Orc:2    | Reached XP level 16. HP: 104/127 MP: 20/23
 36084 | Orc:2    | Received a gift from Okawaru
 36234 | Orc:2    | Found a staircase to the Elven Halls.
 37701 | Orc:2    | Found Item's Jewellery Shoppe.
 37701 | Orc:2    | Found Ruigek's Antique Armour Emporium.
 37701 | Orc:2    | Found a one-way gate leading to the halls of Pandemonium.
 38129 | Swamp:1  | Entered Level 1 of the Swamp
 39192 | Swamp:1  | Identified the +5 ring mail of Lightning Storm {rCorr
                  | Int+4} (Okawaru gifted it to you on level 1 of the Swamp)
 39192 | Swamp:1  | Received a gift from Okawaru
 39310 | Swamp:2  | Noticed a thorn hunter
 39325 | Swamp:1  | Killed a thorn hunter
 39546 | Swamp:2  | Reached skill level 1 in Armour
 39630 | Swamp:2  | Noticed Kirke
 39652 | Swamp:2  | Killed Kirke
 40089 | Swamp:2  | Found a runed translucent door.
 40090 | Swamp:2  | Noticed Tezxun's ghost (adept MiMo)
 40260 | Swamp:2  | Reached skill level 15 in Shields
 41279 | Swamp:3  | Reached XP level 17. HP: 121/133 MP: 21/24
 41628 | Swamp:4  | Entered Level 4 of the Swamp
 42150 | Swamp:4  | Paralysed by a fenstrider witch for 5 turns
 42544 | Swamp:4  | Identified the +1 ring mail of Siacaogi {Rampage Int+2}
                  | (Okawaru gifted it to you on level 4 of the Swamp)
 42544 | Swamp:4  | Received a gift from Okawaru
 42727 | Swamp:4  | Noticed a tentacled monstrosity
 42740 | Swamp:4  | Killed a tentacled monstrosity
 42741 | Swamp:4  | Reached skill level 5 in Armour
 43997 | Swamp:4  | Got a decaying rune of Zot
 44293 | Swamp:4  | Paralysed by a fenstrider witch for 4 turns
 44690 | Swamp:4  | Identified the +3 chain mail of Vexation {rN++ Slay+2 SInv}
 44693 | Swamp:4  | Upgraded the game from 0.29-a0-299-g4c793a2ed2 to
                  | 0.29-a0-303-ge4682ce883
 44846 | Slime:1  | Entered Level 1 of the Pits of Slime
 44910 | Snake:1  | Entered Level 1 of the Snake Pit
 45263 | Snake:1  | Noticed Aizul
 45287 | Snake:1  | Killed Aizul
 45288 | Snake:1  | Found Daum's Magic Scroll Shop.
 45661 | Snake:1  | Received a gift from Okawaru
 45911 | Snake:1  | Found Etobb's Book Emporium.
 45912 | Snake:1  | Found Jorch's Jewellery Boutique.
 45912 | Snake:1  | Found Igen's Jewellery Boutique.
 46197 | Snake:2  | Found Todeteq's General Store.
 46452 | Snake:2  | Reached XP level 18. HP: 94/142 MP: 20/25
 46562 | Snake:2  | Identified the +1 helmet of Knowledge {Slay+3} (Okawaru
                  | gifted it to you on level 2 of the Snake Pit)
 46562 | Snake:2  | Received a gift from Okawaru
 49675 | Snake:4  | Entered Level 4 of the Snake Pit
 49775 | Snake:4  | Found a transporter.
 49781 | Snake:4  | Noticed Crownlay's ghost (adept MiBe)
 49981 | Snake:1  | Bought a scroll of fear for 59 gold pieces
 49981 | Snake:1  | Bought 3 scrolls of teleportation for 153 gold pieces
 49981 | Snake:1  | Bought a scroll of blinking for 127 gold pieces
 50633 | Snake:4  | Found a transporter.
 51202 | Snake:4  | Identified the +8 long sword of Doom {freeze, Contam rN+++
                  | Int+7 Stlth+} (Okawaru gifted it to you on level 4 of the
                  | Snake Pit)
 51202 | Snake:4  | Received a gift from Okawaru
 51428 | Snake:4  | Found a bloodstained altar of Trog.
 52252 | Snake:4  | Reached skill level 10 in Stealth
 52602 | Snake:4  | Noticed a quicksilver dragon
 52602 | Snake:4  | Noticed a quicksilver dragon
 52635 | Arena    | Entered the Arena
 52640 | Arena    | Killed a quicksilver dragon
 52677 | Snake:4  | Killed a quicksilver dragon
 52981 | Snake:4  | Got a serpentine rune of Zot
 53043 | Arena    | Entered the Arena
 53656 | Snake:1  | Bought the ring "Hiucuidgh" {Fly rF+ AC+4 Int+4} for 847
                  | gold pieces
 53889 | Vaults:1 | Entered Level 1 of the Vaults
 54284 | D:13     | Received a gift from Okawaru
 54285 | D:13     | Reached skill level 10 in Armour
 54285 | D:13     | Reached XP level 19. HP: 117/148 MP: 19/26
 54646 | Vaults:1 | Received a gift from Okawaru
 54917 | Vaults:1 | Found a flickering gateway to a bazaar.
 54930 | Bazaar   | Entered a bazaar
 55115 | Bazaar   | Found Ysacod's Antique Armour Emporium.
 55147 | Bazaar   | Found Teful's Book Boutique.
 55163 | Bazaar   | Found Pickad's Jewellery Shoppe.
 55199 | Bazaar   | Found Moopum's Book Shoppe.
 55233 | Bazaar   | Found Wucoxzawn's Magic Scroll Emporium.
 55238 | Bazaar   | Bought a scroll of fog for 18 gold pieces
 55238 | Bazaar   | Bought a scroll of fog for 18 gold pieces
 55238 | Bazaar   | Bought a scroll of blinking for 67 gold pieces
 55238 | Bazaar   | Bought a scroll of blinking for 67 gold pieces
 55238 | Bazaar   | Bought a scroll of enchant weapon for 67 gold pieces
 55334 | Bazaar   | Bought a pair of runed boots for 187 gold pieces
 55334 | Bazaar   | Bought a pitted ring mail for 225 gold pieces
 55334 | Bazaar   | Identified the +1 ring mail "Onkaut" {Fly rF+ Will- Int+6}
                  | (You bought it in a shop in a bazaar)
 55334 | Bazaar   | Bought a blackened buckler for 237 gold pieces
 55334 | Bazaar   | Identified the +1 buckler of Bright Knowledge {rN+ Int+3}
                  | (You bought it in a shop in a bazaar)
 57338 | Vaults:1 | Found a transporter.
 57381 | Vaults:1 | Found a transporter.
 57649 | Vaults:1 | Identified the ring "Didoixiklao" {Wiz Dex+2}
 57666 | Vaults:1 | Identified the amulet "Eheclo" {Acrobat rF- rC+ rN+}
 57888 | Vaults:2 | Received a gift from Okawaru
 58369 | Vaults:2 | Received a gift from Okawaru
 58475 | Vaults:2 | Reached skill level 15 in Stealth
 58508 | Vaults:2 | Reached skill level 13 in Fighting
 58529 | Vaults:2 | Received a gift from Okawaru
 59263 | Vaults:2 | Found Soppial's Magic Scroll Boutique.
 59277 | Vaults:2 | Reached skill level 14 in Fighting
 59284 | Vaults:2 | Bought a scroll of teleportation for 33 gold pieces
 59284 | Vaults:2 | Bought a scroll of teleportation for 33 gold pieces
 59371 | Arena    | Entered the Arena
 59405 | Arena    | Entered the Arena
 59919 | Vaults:2 | Reached skill level 15 in Fighting
 60397 | Vaults:2 | Reached XP level 20. HP: 119/162 MP: 20/27
 60739 | Vaults:2 | Received a gift from Okawaru
 60828 | Vaults:2 | Found a staircase to the Crypt.
 61167 | Arena    | Entered the Arena
 61211 | Vaults:3 | Reached skill level 16 in Fighting
 61916 | Vaults:3 | Received a gift from Okawaru
 62458 | Vaults:3 | Reached skill level 17 in Fighting
 63345 | Arena    | Entered the Arena
 63388 | Arena    | Entered the Arena
 63709 | Vaults:4 | Found Nofof's Magic Scroll Emporium.
 63715 | Vaults:4 | Bought a scroll of blinking for 105 gold pieces
 63960 | Vaults:4 | Paralysed by a sphinx for 7 turns
 64316 | Vaults:4 | Reached skill level 18 in Fighting
 64394 | Vaults:3 | Received a gift from Okawaru
 65719 | Vaults:4 | Reached XP level 21. HP: 179/179 MP: 28/28
 65981 | Depths:1 | Entered Level 1 of the Depths
 66098 | Depths:1 | Reached skill level 10 in Evocations
 66113 | Depths:1 | Reached skill level 19 in Fighting
 66757 | Depths:1 | Received a gift from Okawaru
 67197 | Depths:1 | Found a gateway to Hell.
 67221 | Depths:1 | You are sucked into a shaft and drop 1 floor!
 67368 | Depths:1 | Received a gift from Okawaru
 67595 | Depths:1 | Identified the +0 plate armour of Watchfulness {rPois}
 67793 | Depths:1 | Found a blossoming altar of Fedhas.
 67808 | Depths:1 | Reached skill level 20 in Fighting
 68024 | Depths:2 | Noticed a juggernaut
 68699 | Depths:2 | Received a gift from Okawaru
 70188 | Vaults:2 | Bought a scroll of brand weapon for 220 gold pieces
 70278 | D:14     | Bought a scroll of brand weapon for 360 gold pieces
 70389 | Depths:2 | Paralysed by a floating eye for 3 turns
 70720 | Depths:2 | Reached skill level 21 in Fighting
 70898 | Depths:2 | Found a shimmering altar of Xom.
 70968 | Depths:2 | Noticed a caustic shrike
 70992 | Depths:2 | Killed a juggernaut
 70992 | Depths:2 | Received a gift from Okawaru
 71042 | Depths:2 | Noticed a golden dragon
 71074 | Depths:2 | Killed a golden dragon
 71153 | Depths:2 | Killed a caustic shrike
 71154 | Depths:2 | Reached XP level 22. HP: 113/190 MP: 14/29
 71653 | Depths:3 | Paralysed by a floating eye for 4 turns
 71792 | Depths:3 | Found a one-way gate to the infinite horrors of the Abyss.
 72032 | Depths:3 | Noticed a golden dragon
 72174 | Depths:2 | Reached skill level 22 in Fighting
 72183 | Depths:2 | Killed a golden dragon
 72256 | Depths:3 | Noticed a golden dragon
 72303 | Depths:2 | Killed from afar by a vampire knight

Illustrated notes

Levels and vault maps discovered:
D:1:      evilmike_arrival_grusome_pit, layout_rooms
D:2:      layout_rooms
D:3:      layout_loops_corners, grunt_ministairs_5
D:4:      layout_loops_corners, grunt_qazlal_clouds, enter_ossuary_3,
          nicolae_shop_clearance
D:5:      layout_loops_cross, minmay_temple_entry_steel_oval, uniq_eustachio
D:6:      layout_rooms
D:7:      layout_loops_cross, serial_bayou_lagoon_a
D:8:      minmay_separated_statues, layout_loops_ring,
          small_chamber_with_monster, chequers_arboretum, minmay_misc_feat_tiny,
          nicolae_blasting_shop, uniq_gastronok, uniq_joseph
D:9:      layout_irregular_city, minmay_orc_keep, uniq_amaemon
D:10:     layout_basic, grunt_lair_entry_orc_guard_hut,
          minmay_misc_feat_diagonals
D:11:     layout_rooms, kennysheep_orc_monster_closet_entryway,
          okawaru_metal_pillars_1_2
D:12:     layout_cross
D:13:     layout_cave_pools, david_vaults_2, nicolae_trove_entry_diagonal,
          portal_ice_cave_entry_pillars_1, serial_shops, kennysheep_mini
D:14:     layout_grid_maze, serial_shops, nicolae_shop_stone,
          grunt_decor_fettered, uniq_agnes
D:15:     hangedman_depths_entry_civil_slaughter, layout_basic,
          minmay_misc_feat_tower, serial_curves, eino_curves_04, eino_curves_02
Temple:   nicolae_temple_the_god_donut
Lair:1:   layout_roguey, kennysheep_abandoned_house, grunt_megastairs_2
Lair:2:   layout_misc_corridors, st_stairs_4
Lair:3:   layout_cave_pods
Lair:4:   layout_roguey, skrybe_swamp_entry_bodies,
          minmay_snake_entry_guardpost_medium, hangedman_tree_tricks,
          chequers_serial_rivers_room_b, kennysheep_snail_temple
Lair:5:   layout_regular_city, slime_altar_1, nicolae_volcano_entry_batcave,
          hangedman_lair_unloving_vines
Lair:6:   minmay_lair_end_frog_pond, layout_cave_shapes
Swamp:1:  layout_basic_swamp, nicolae_swamp_big_swirl, hangedman_swamp_blocks,
          swamp_pool4, cheibrodos_swamp_minitomb
Swamp:2:  layout_falls_marsh, ebering_ghost_inner_flame,
          evilmike_swamp_ruin_house_5, uniq_kirke
Swamp:3:  layout_basic_swamp, hangedman_swamp_ruin_wall, swamp_pool1
Swamp:4:  nzn_swamp_witches_coven, layout_basic_swamp, infiniplex_staircase_pool
Snake:1:  layout_misc_corridors, grunt_ministairs_13, nicolae_take_the_stairs,
          minmay_shop_grove, uniq_aizul
Snake:2:  layout_rooms, serial_shops, nicolae_shop_behind_doors,
          nicolae_snake_magic_snake_eye
Snake:3:  layout_grid_shapes, grunt_megastairs_5
Snake:4:  hellmonk_snake_rune_quicksilver_temple, layout_cave_town,
          gammafunk_ghost_wrathful_warriors
Slime:1:  layout_caves
Orc:1:    layout_caves, uniq_fannar
Orc:2:    pf_orc_diabolical, layout_caves, uniq_rupert
Vaults:1: v_misc_18, nicolae_vaults_big_ls, gammafunk_its_a_trap,
          nicolae_vaults_shelves_hall, vaults_dpeg_diagonal,
          nicolae_vaults_specimen_jars, vaults_mumra_lcd, v_alt_pattern_4,
          hangedman_vaults_corner, vaults_dpeg_ring,
          vaults_room_grunt_arrival_ludios, v_rooms_2, v_misc_17,
          layout_vaults_maze_bifur, serial_shops, bzr_entry_lakeside
Vaults:2: v_misc_2, vaults_mumra_chevron_long,
          minmay_crypt_entry_simple_corners, nicolae_vaults_little_squares_4,
          grunt_vaults_hallway_long, hangedman_vaults_slice,
          vaults_mumra_minichess_inversion, v_misc_18, ontoclasm_vaults_chip,
          nicolae_vaults_three_branches, ontoclasm_vaults_twist,
          layout_vaults_chaotic_city, serial_shops, shop_fountains
Vaults:3: vaults_dpeg_encased_lava, nicolae_vaults_network_s,
          nicolae_vaults_disjoint_gnomons, vaults_dpeg_hooks, v_misc_15,
          v_misc_23, nicolae_vaults_little_squares_3, hangedman_vaults_trim,
          vaults_room_octagon, v_misc_29, v_misc_25, layout_vaults_omnigrid
Vaults:4: hangedman_vaults_stagger, v_alt_pattern_6, v_rooms_3, v_misc_26,
          vaults_room_hallway, hangedman_vaults_hat,
          nicolae_vaults_yaktaur_gun_rack, vaults_room_stairs_pillars,
          nicolae_vaults_little_squares_1, st_cells,
          nicolae_vaults_hallways_thing, serial_ice_b, layout_vaults_omnibox,
          serial_shops, shop
Depths:1: layout_gridlike, fedhas_altar_fruit_tree, pf_hell_entry_tar_spiral,
          minmay_starry_boxes, serial_bayou_shore_b
Depths:2: minmay_the_grid_4x2 [minmay_the_grid_plusring,
          minmay_the_grid_aliased_spiral, minmay_the_grid_minigrid_large,
          minmay_the_grid_expand, minmay_the_grid_holed_spiral,
          minmay_the_grid_dragon_b, minmay_the_grid_medium_cups,
          minmay_the_grid_prize_four_corners], layout_cave_pools,
          xom_teletrap_fun, hell_entry, pan_entry
Depths:3: hangedman_pleasuredromes, hell_entry, abyss_entry, uniq_mara

Skill      XL: |  1  2  3  4  5  6  7  8  9 10 11 12 13 14 15 16 17 18 19 20 21 22 |
---------------+-------------------------------------------------------------------+-----
Long Blades    | 2 3 4 5 6 7 9 11 13 | 13.8
Stealth        | 5 7 8 10 15 | 15.0
Fighting       | 3 5 7 9 10 12 15 18 21 22 | 22.2
Evocations     | 6 8 9 12 | 12.9
Dodging        | 9 14 15 17 19 20 | 20.0
Invocations    | 4 7 10 | 10.0
Short Blades   | 7 8 |  8.0
Shields        | 4 10 13 15 | 15.0
Throwing       | 3 6 7 |  7.8
Armour         | 3 7 10 | 10.0

Action                   |  1- 3 |  4- 6 |  7- 9 | 10-12 | 13-15 | 16-18 | 19-21 | 22-24 || total
-------------------------+-------+-------+-------+-------+-------+-------+-------+-------++-------
Melee: Dagger            |   127 |   109 |       |   139 |    77 |       |       |       ||   452
       Punch             |       |     7 |     4 |    24 |     4 |       |       |       ||    39
       Long sword        |       |   193 |   328 |   792 |       |       |       |       ||  1313
       Tailslap          |       |       |     1 |     3 |       |       |       |       ||     4
       Short sword       |       |       |       |       |  1538 |    68 |       |       ||  1606
       Scimitar          |       |       |       |       |   201 |  1373 |       |       ||  1574
       Demon blade       |       |       |       |       |       |   267 |  2076 |   286 ||  2629
Throw: Dart              |       |    17 |    14 |    16 |     1 |     3 |     3 |       ||    54
       Throwing net      |       |       |       |       |     3 |       |       |       ||     3
       Javelin           |       |       |       |       |     1 |     7 |     1 |       ||     9
Invok: Duel              |       |       |       |     2 |     1 |     2 |     5 |       ||    10
       Finesse           |       |       |       |       |     1 |     3 |     1 |       ||     5
       Heroism           |       |       |       |       |       |     1 |       |       ||     1
Evoke: Wand              |       |       |     1 |    18 |     9 |     4 |     1 |       ||    33
  Use: Scroll            |       |       |       |    18 |    15 |     5 |    13 |     1 ||    52
       Potion            |       |       |       |     1 |     2 |     5 |     4 |       ||    12
 Stab: Sleeping          |     9 |    22 |    15 |    14 |    16 |    23 |    30 |       ||   129
       Distracted        |     1 |     1 |       |     3 |     6 |     5 |     3 |     1 ||    20
       Paralysed         |       |       |       |     5 |       |     2 |       |       ||     7
       Held in net/web   |       |       |       |       |     4 |       |       |       ||     4
Armor: Robe              |    32 |    91 |    68 |       |       |       |       |       ||   191
       Leather armour    |       |       |    48 |   267 |   237 |    67 |       |       ||   619
       Scale mail        |       |       |       |       |    14 |       |       |       ||    14
       Ring mail         |       |       |       |       |       |   313 |   549 |   124 ||   986
Dodge: Dodged            |    95 |   172 |   160 |   654 |   983 |  1094 |  1214 |   253 ||  4625
Block: Other             |       |     9 |       |       |       |       |       |       ||     9
       Buckler           |       |       |       |       |   332 |   567 |   618 |   115 ||  1632

Table legend: (Time is in decaauts)
 A = Elapsed time spent in this place.
 B = Non-inter-level travel time spent in this place.
 C = Inter-level travel time spent in this place.
 D = Time resting spent in this place.
 E = Time spent auto-exploring this place.
 F = Levels seen in this place.
 G = Mean time per level.
                   A        B        C        D        E       F      G
               +--------+--------+--------+--------+--------+-----+--------+
         Total |  68930 |  64355 |   4575 |  22177 |  27027 |  54 | 1276.5 |
       Dungeon |  21495 |  19919 |   1576 |   6225 |   9563 |  15 | 1433.0 |
        Temple |     52 |     28 |     24 |      0 |      4 |   1 |   52.0 |
          Lair |   9915 |   8519 |   1396 |   1846 |   4696 |   6 | 1652.5 |
         Swamp |   6159 |   5957 |    202 |   2587 |   2186 |   4 | 1539.8 |
     Snake Pit |   8388 |   7841 |    547 |   3799 |   1800 |   4 | 2097.0 |
    Slime Pits |      1 |      1 |      0 |      0 |      0 |   1 |    1.0 |
  Orcish Mines |   3783 |   3602 |    181 |   1382 |   1276 |   2 | 1891.5 |
        Vaults |  10736 |  10234 |    502 |   3556 |   4417 |   4 | 2684.0 |
        Depths |   5242 |   5097 |    145 |   1551 |   2000 |   3 | 1747.3 |
        Bazaar |    447 |    447 |      0 |    147 |    192 |   1 |  447.0 |
       Ossuary |    684 |    684 |      0 |    279 |    182 |   1 |  684.0 |
      Ice Cave |   1335 |   1335 |      0 |    676 |    400 |   1 | 1335.0 |
       Volcano |    459 |    459 |      0 |      0 |    308 |   1 |  459.0 |
         Arena |    228 |    228 |      0 |    126 |      0 |  10 |   22.8 |
               +--------+--------+--------+--------+--------+-----+--------+

Top non-repeatable levels by time:
Vaults:1: 3458 daAuts
 Snake:4: 2939 daAuts
     D:9: 2931 daAuts
Depths:2: 2720 daAuts
 Snake:2: 2702 daAuts
Vaults:2: 2674 daAuts
Vaults:4: 2649 daAuts
   Orc:2: 2347 daAuts
 Swamp:4: 2232 daAuts
Depths:1: 2169 daAuts
  Lair:3: 2125 daAuts
    D:10: 2101 daAuts
Vaults:3: 1954 daAuts
    D:14: 1752 daAuts
  Lair:4: 1747 daAuts
